 Dungeon Sprint DCSS version 0.31-a0-841-g038b102fc3 (webtiles) character file.

Game seed: 240811704820930311

11687 sircluck the Brawler (level 11, -14/196 HPs)
             Began as a Troll Berserker on Sept 27, 2023.
             Was the Champion of Trog.
             Demolished by a nagaraja
             ... wielding a +0 whip
              (24 damage)
             ... while paralysed by a floating eye
             ... in the Dungeon (Sprint VII: "The Pits").
             The game lasted 00:03:57 (1653 turns).

sircluck the Brawler (Troll Berserker)              Turns: 1653, Time: 00:03:57

Health: -14/196    AC:  5    Str: 34    XL:     11   Next: 52%
Magic:  10/10      EV: -2    Int:  3    God:    Trog [******]
Gold:   0          SH:  0    Dex: 12    Spells: 10/10 levels left

rFire   . .          .
                       - Unarmed
rCold   . . .        (no shield)
rNeg    . . .        l - +0 robe {Will+}
rPois   .            (helmet restricted)
rElec   .            k - +0 cloak
rCorr   .            (gloves unavailable)
SInv    .            (boots unavailable)
Will    +....        (no amulet) Stlth
                     m - +3 ring of strength
HPRegen 1.32/turn    n - +3 ring of dexterity
MPRegen 0.12/turn

%: no teleportation
@: paralysed, berserking (expiring), lethally poisoned (-14 -> -17), constricted
A: large, unfitting armour, claws 3, regeneration 1, shaggy fur 1, tough skin 1
a: Renounce Religion, Berserk, Trog's Hand, Brothers in Arms


You were in the Dungeon.
You worshipped Trog.
Trog was exalted by your worship.
You visited 1 branch

Inventory:

Missiles
 q - a throwing net
Armour
 a - a +0 animal skin
 k - a +0 cloak (worn)
 l - a +0 robe of willpower (worn)
Jewellery
 m - a +3 ring of strength (left claw)
 n - a +3 ring of dexterity (right claw)
Scrolls
 g - a scroll of blinking
 i - 2 scrolls of vulnerability
 j - a scroll of butterflies
Potions
 b - 6 potions of curing
 c - 9 potions of heal wounds
 d - 2 potions of haste
 e - 4 potions of magic
 f - 5 potions of berserk rage
 h - 2 potions of invisibility
 o - 3 potions of might
 p - a potion of mutation


   Skills:
 + Level 14.6 Fighting
 + Level 14.4 Dodging
 + Level 16.9 Unarmed Combat


You had 10 spell levels left.
You didn't know any spells.
Your spell library was empty.

Dungeon Overview and Level Annotations

Branches:
Dungeon (1/1)

Altars:
Ashenzari
Cheibriados
Dithmenos
Elyvilon
Fedhas
Gozag
Hepliaklqana
Kikubaaqudgha
Makhleb
Nemelex Xobeh
Okawaru
Qazlal
Ru
Sif Muna
Trog
Uskayaw
Vehumet
Wu Jian
Xom
Yredelemnul
Zin
The Shining One
Jiyva
Lugonu


Innate Abilities, Weirdness & Mutations

You are too large for most types of armour.
You have claws for hands.
Your natural rate of healing is unusually fast.
You are covered in fur. (AC +1)
You have tough skin. (AC +1)


Message History

You feel sick.
The wyvern hisses angrily.
The adder skeleton bites you.
The wizard points at you and mumbles some strange words.
The fireball explodes!
The fireball engulfs you!!
The fireball engulfs the adder skeleton!!!
The adder skeleton is destroyed!
There is an open door, spattered with blood here.
You feel a strong urge to attack something.
You feel sick.
The floating eye turns its gaze towards you.
The nagaraja points at you and mumbles some strange words.
The bolt of poison hits you!!
You are more poisoned.
The floating eye's stare focuses on you.
You closely miss the nagaraja.
You feel very sick.
You barely miss the nagaraja.
You feel sick. The nagaraja barely misses you. The nagaraja grabs you.
The nagaraja constricts you!
* * * LOW HITPOINT WARNING * * *
You claw the nagaraja!
The nagaraja is lightly wounded.
You feel very sick.
The floating eye gazes piercingly through you!
You suddenly lose the ability to move!
You feel very sick. The wyvern bites you.
* * * LOW HITPOINT WARNING * * *
The nagaraja hits you with a +0 whip!!
* * * LOW HITPOINT WARNING * * *
The nagaraja constricts you.
* * * LOW HITPOINT WARNING * * *
The floating eye seems to glare at you. The wyvern bites you.
* * * LOW HITPOINT WARNING * * *
You feel very sick. The wyvern bites you!
* * * LOW HITPOINT WARNING * * *
The nagaraja hits you with a +0 whip!!
You die...

....##..............#
#####################
########### #########
...'..'...###........
...'..'.....##......
..##..##.....##....#
###....###....#....#
#........###.###Nl#
...#..#...#....#@.#
..........+.)..'..+
...#..#...#....#Gp#
#........###†###..#
###....###..).#....#
..##..##.....##....#
...'..'.....## .....
...'..'†..### .......
########### ######


You could see a nagaraja, a wizard, a wyvern and a floating eye (charged).

Vanquished Creatures
  A merfolk impaler (D)
  A two-headed ogre (D)
  A boulder beetle (D)
  A death yak (D)
  A bog body (D)
  Pikel (D)
  A flayed ghost (D)
  A deep elf zephyrmancer (D)
  A deep elf pyromancer (D)
  An orc knight (D)
  2 manticores (D)
  An orc sorcerer (D)
  A gargoyle (D)
  An elephant (D)
  2 orange demons (D)
  A rime drake (D)
  A komodo dragon (D)
  A freezing wraith (D)
  An ice devil (D)
  3 merfolk (D)
  A tarantella (D)
  A jumping spider (D)
  2 snapping turtles (D)
  A dream sheep (D)
  A flying skull (D)
  A shadow (D)
  An air elemental (D)
  Sigmund (D)
  2 fire bats (D)
  A wyvern (D)
  A water moccasin (D)
  A warg (D)
  A floating eye (D)
  An orc warrior (D)
  A wolf (D)
  3 lemures (D)
  A scorpion (D)
  A necrophage (D)
  A small abomination (D)
  A crimson imp (D)
  Crazy Yiuf (D)
  3 iguanas (D)
  An ufetubus (D)
  An orc (D)
  A bat zombie (D)
  2 endoplasms (D)
  3 jackals (D)
  A quokka (D)
  2 bats (D)
  A frilled lizard (D)
  A kobold (D)
  2 rats (D)
67 creatures vanquished.

Vanquished Creatures (others)
  An adder skeleton (D)
  A rat (D)
2 creatures vanquished.

Grand Total: 69 creatures vanquished

Notes
Turn   | Place    | Note
-------+----------+-------------------------------------------
     0 | D        | sircluck the Troll Berserker began the quest for the Orb.
     0 | D        | Reached XP level 1. HP: 22/22 MP: 0/0
    22 | D        | Found a bloodstained altar of Trog.
    22 | D        | Found a shimmering blue altar of Sif Muna.
    22 | D        | Found a viscous altar of Jiyva.
    22 | D        | Found a hazy altar of Hepliaklqana.
    22 | D        | Found an opulent altar of Gozag.
    23 | D        | Found a glowing golden altar of the Shining One.
    23 | D        | Found a glowing silver altar of Zin.
    23 | D        | Found a basalt altar of Yredelemnul.
    23 | D        | Found a shimmering altar of Xom.
    23 | D        | Found an ornate altar of the Wu Jian Council.
    23 | D        | Found a sacrificial altar of Ru.
    23 | D        | Found a stormy altar of Qazlal.
    23 | D        | Found an iron altar of Okawaru.
    23 | D        | Found a sparkling altar of Nemelex Xobeh.
    23 | D        | Found a burning altar of Makhleb.
    23 | D        | Found a blossoming altar of Fedhas.
    23 | D        | Found a white marble altar of Elyvilon.
    23 | D        | Found a shadowy altar of Dithmenos.
    23 | D        | Found a snail-covered altar of Cheibriados.
    25 | D        | Found a radiant altar of Vehumet.
    25 | D        | Found a corrupted altar of Lugonu.
    26 | D        | Found a hide-covered altar of Uskayaw.
    26 | D        | Found an ancient bone altar of Kikubaaqudgha.
    26 | D        | Found a broken altar of Ashenzari.
    65 | D        | Reached ** piety under Trog
    79 | D        | Reached *** piety under Trog
    80 | D        | Reached XP level 2. HP: 31/31 MP: 1/1
   105 | D        | Reached **** piety under Trog
   106 | D        | Reached skill level 4 in Unarmed Combat
   156 | D        | Noticed a necrophage
   170 | D        | Killed a necrophage
   171 | D        | Reached skill level 5 in Unarmed Combat
   171 | D        | Reached XP level 3. HP: 35/40 MP: 2/2
   171 | D        | Reached XP level 4. HP: 43/49 MP: 3/3
   183 | D        | Noticed a wolf
   183 | D        | Noticed a fire bat
   183 | D        | Noticed a lemure
   183 | D        | Noticed a lemure
   183 | D        | Noticed a lemure
   197 | D        | Killed a wolf
   198 | D        | Reached skill level 5 in Fighting
   198 | D        | Reached skill level 5 in Dodging
   198 | D        | Reached skill level 6 in Unarmed Combat
   198 | D        | Reached XP level 5. HP: 45/58 MP: 4/4
   200 | D        | Killed a fire bat
   201 | D        | Reached skill level 8 in Unarmed Combat
   201 | D        | Reached XP level 6. HP: 55/68 MP: 5/5
   205 | D        | Reached ***** piety under Trog
   210 | D        | Noticed Pikel
   226 | D        | Killed Pikel
   227 | D        | Reached skill level 10 in Unarmed Combat
   227 | D        | Reached XP level 7. HP: 42/81 MP: 6/6
   265 | D        | Noticed Crazy Yiuf
   268 | D        | Killed Crazy Yiuf
   282 | D        | Noticed a dream sheep
   285 | D        | Killed a dream sheep
   299 | D        | Reached XP level 8. HP: 92/92 MP: 7/7
   309 | D        | Reached skill level 11 in Unarmed Combat
   362 | D        | Noticed a bog body
   362 | D        | Noticed an elephant
   370 | D        | Killed an elephant
   374 | D        | Killed a bog body
   374 | D        | Reached ****** piety under Trog
   375 | D        | Reached skill level 10 in Fighting
   375 | D        | Reached skill level 10 in Dodging
   375 | D        | Reached skill level 12 in Unarmed Combat
   375 | D        | Reached XP level 9. HP: 102/102 MP: 8/8
   377 | D        | Noticed Sigmund
   381 | D        | Killed Sigmund
   381 | D        | Received a gift from Trog
   498 | D        | Noticed a death yak
   534 | D        | Killed a death yak
   535 | D        | Reached skill level 13 in Unarmed Combat
   558 | D        | Noticed a merfolk
   566 | D        | Killed a merfolk
   588 | D        | Noticed a komodo dragon
   594 | D        | Paralysed by an air elemental for 1 turns
   600 | D        | Killed a komodo dragon
   680 | D        | Noticed a merfolk
   696 | D        | Killed a merfolk
   720 | D        | Noticed a gargoyle
   722 | D        | Noticed a merfolk impaler
   723 | D        | Noticed a merfolk
   729 | D        | Killed a gargoyle
   730 | D        | Reached XP level 10. HP: 72/115 MP: 9/9
   735 | D        | Killed a merfolk impaler
   736 | D        | Reached skill level 14 in Unarmed Combat
   737 | D        | HP: 7/175 [merfolk/+0 spear[a merfolk impaler] (22)]
   738 | D        | Received a gift from Trog
   836 | D        | Noticed a two-headed ogre
   838 | D        | Noticed an orange demon
   842 | D        | Killed a two-headed ogre
   853 | D        | Killed an orange demon
   912 | D        | Noticed a manticore
   915 | D        | Noticed a manticore
   922 | D        | Killed a manticore
   923 | D        | Reached skill level 15 in Unarmed Combat
   927 | D        | Killed a manticore
  1090 | D        | Noticed a deep elf zephyrmancer
  1097 | D        | Killed a deep elf zephyrmancer
  1097 | D        | Received a gift from Trog
  1200 | D        | Noticed an orc knight
  1200 | D        | Noticed an orc sorcerer
  1203 | D        | Killed an orc sorcerer
  1214 | D        | Reached XP level 11. HP: 72/127 MP: 10/10
  1223 | D        | Killed an orc knight
  1317 | D        | Received a gift from Trog
  1321 | D        | Reached skill level 16 in Unarmed Combat
  1395 | D        | Noticed a boulder beetle
  1408 | D        | Killed a boulder beetle
  1408 | D        | Received a gift from Trog
  1498 | D        | Noticed a flayed ghost
  1502 | D        | Killed a flayed ghost
  1509 | D        | Noticed a deep elf pyromancer
  1519 | D        | Killed a deep elf pyromancer
  1528 | D        | Received a gift from Trog
  1639 | D        | Noticed a nagaraja
  1639 | D        | Noticed a wizard
  1651 | D        | Paralysed by a floating eye for 2 turns
  1653 | D        | Demolished by a nagaraja

Illustrated notes

Levels and vault maps discovered:
D:        pitsprint [storerooms_1, entrance_room_1, metal_vault_4, armoury_2,
          mini_pit_1, grid_room_1, main_hall_1, silver_pit, the_coven_1,
          the_vestibule_1, steel_vault_1, golden_pit, hallway_of_sentries,
          crystal_vault_1, iron_vault_2, final_vault]

Skill      XL: |  1  2  3  4  5  6  7  8  9 10 11 |
---------------+----------------------------------+-----
Fighting       | 3 4 5 6 8 9 10 12 13 14 | 14.6
Dodging        | 3 4 5 6 8 9 10 11 13 14 | 14.4
Unarmed Combat | 5 6 8 10 12 13 15 16 | 16.9

Action                     |  1- 3 |  4- 6 |  7- 9 | 10-12 || total
---------------------------+-------+-------+-------+-------++-------
  Melee: Unarmed           |    36 |    25 |    60 |    98 ||   219
         Punch             |       |       |     3 |     7 ||    10
 Invoke: Berserk           |       |     1 |     2 |     3 ||     6
    Use: Potion            |       |       |       |     1 ||     1
 Armour: Animal skin       |    31 |    13 |    13 |       ||    57
         Robe              |       |       |    32 |    78 ||   110
  Dodge: Dodged            |    29 |     9 |    32 |    56 ||   126

Table legend: (Time is in decaauts)
 A = Elapsed time spent in this place.
 B = Non-inter-level travel time spent in this place.
 C = Inter-level travel time spent in this place.
 D = Time resting spent in this place.
 E = Time spent auto-exploring this place.
 F = Levels seen in this place.
 G = Mean time per level.
                   A        B        C        D        E       F      G
               +--------+--------+--------+--------+--------+-----+--------+
         Total |   1649 |   1593 |     56 |    743 |    128 |   1 | 1649.0 |
       Dungeon |   1649 |   1593 |     56 |    743 |    128 |   1 | 1649.0 |
               +--------+--------+--------+--------+--------+-----+--------+

Top non-repeatable levels by time:
       D: 1649 daAuts
